 Dungeon Crawl Stone Soup version 0.30.1-11-g7821555f0a (webtiles) character file.

Game seed: 13273019549597064686

192 Cheops the Magician (level 5, -2/28 HPs)
             Began as a Deep Elf Hedge Wizard on Dec 19, 2023.
             Slain by an ogre
             ... wielding a +0 giant spiked club
              (30 damage)
             ... on level 4 of the Dungeon.
             The game lasted 00:11:41 (3893 turns).

Cheops the Magician (Deep Elf Hedge Wizard)         Turns: 3893, Time: 00:11:42

Health: -2/28      AC:  2    Str:  7    XL:     5   Next: 42%
Magic:  14/14      EV: 12    Int: 21    God:
Gold:   210        SH:  0    Dex: 14    Spells: 0/14 levels left

rFire   . . .        a - +2 dagger (venom)
rCold   . . .        (no shield)
rNeg    . . .        j - +0 robe
rPois   .            c - +0 hat
rElec   .            (no cloak)
rCorr   +            (no gloves)
SInv    .            (no boots)
Will    .....        (no amulet)
Stlth   ++           i - ring of resist corrosion
HPRegen 0.24/turn    (no ring)
MPRegen 0.14/turn

%: no passive effects
@: about to teleport
A: no striking features
a: no special abilities


You were on level 4 of the Dungeon.
You visited 1 branch of the dungeon, and saw 4 of its levels.

You collected 210 gold pieces.

Inventory:

Hand Weapons
 a - a +2 dagger of venom (weapon)
 b - a +2 dagger of speed
Armour
 c - a +0 hat (worn)
 j - a +0 robe (worn)
Jewellery
 i - a ring of resist corrosion (left hand)
 n - a ring of protection from cold
Scrolls
 e - 4 scrolls of fear {unknown}
 f - a scroll of summoning {unknown}
 g - 2 scrolls of teleportation
 h - a scroll of poison {unknown}
 m - a scroll of fog {unknown}
 p - a scroll of amnesia
 r - a scroll of magic mapping
Potions
 d - a potion of magic
 k - a potion of ambrosia {unknown}
 l - a potion of brilliance {unknown}
 o - a potion of curing {unknown}
 q - a potion of cancellation {unknown}
 s - 2 potions of degeneration {unknown}
 t - a potion of heal wounds {unknown}
 u - a potion of attraction {unknown}


   Skills:
 - Level 2.4 Dodging
 - Level 2.4 Stealth
 - Level 5.0 Spellcasting
 - Level 5.0 Conjurations
 - Level 2.0 Hexes
 - Level 1.1 Summonings
 - Level 1.1 Translocations
 + Level 0.7 Air Magic
 + Level 0.8 Poison Magic


You couldn't memorise any spells.
You knew the following spells:

 Your Spells              Type           Power      Damage    Failure   Level
a - Magic Dart            Conj           100%       1d8       1%          1
b - Shock                 Conj/Air       68%        1d7       3%          1
h - Ensorcelled Hibernat  Hex/Ice        18%        N/A       11%         2
m - Mephitic Cloud        Conj/Pois/Air  14%        N/A       13%         3
s - Slow                  Hex            56%        N/A       4%          1
B - Blink                 Tloc           18%        N/A       11%         2
I - Call Imp              Summ           18%        N/A       11%         2
R - Cigotuvi's Dreadful   Necr/Pois/Air  14%        N/A       13%         2

Your spell library contained the following spells:

 Spells                   Type           Power      Damage    Failure   Level
 Swiftness                Air            8%         N/A       24%         3
 Spider Form              Tmut/Pois      7%         N/A       26%         3
 Anguish                  Hex/Necr       4%         N/A       56%         4
 Airstrike                Air            4%         2d(1-17)  63%         4


Dungeon Overview and Level Annotations

Branches:
Dungeon (4/15)
 Temple: D:4-7

Altars:
Kikubaaqudgha

Annotations:
D:4 Sigmund


Message History

Press: ? - help, Shift-Dir - straight line, f - kobold
Aim: a kobold, wielding a +0 dagger and quivering stones (asleep, 100% to hit)
The magic dart hits the kobold.
The kobold is moderately wounded.
The kobold shouts!
The kobold throws a stone.
The stone barely misses you.
Casting: Magic Dart (safe; 1% risk of failure)
Confirm with . or Enter, or press ? or * to list all spells.
Aiming: Magic Dart (safe; 1% risk of failure)
Press: ? - help, Shift-Dir - straight line, f/p - kobold
Aim: a kobold, wielding a +0 dagger and quivering stones (moderately wounded, 100% to hit)
The magic dart hits the kobold.
You kill the kobold!
Casting: Magic Dart (safe; 1% risk of failure)
Confirm with . or Enter, or press ? or * to list all spells.
You can't see any susceptible monsters within range! (Use Z to cast anyway.)
Casting: Magic Dart (safe; 1% risk of failure)
Confirm with . or Enter, or press ? or * to list all spells.
You can't see any susceptible monsters within range! (Use Z to cast anyway.)
You open the door.
Found a dagger.
There is an open door here.
You see here a +0 dagger.
A hound comes into view.
Casting: Magic Dart (safe; 1% risk of failure)
Confirm with . or Enter, or press ? or * to list all spells.
You can't see any susceptible monsters within range! (Use Z to cast anyway.)
Casting: Magic Dart (safe; 1% risk of failure)
Confirm with . or Enter, or press ? or * to list all spells.
You can't see any susceptible monsters within range! (Use Z to cast anyway.)
You enter the shallow water.
Moving in this stuff is going to be slow.
A scorpion and an ogre come into view.
The hound barks!
The ogre shouts!
The ogre moves out of view.
As you read the scroll of teleportation, it crumbles to dust.
You feel strangely unstable.
The ogre hits you with a +0 giant spiked club!!
Ouch! That really hurt!
You die...

#..)......♣ ~≈≈≈≈≈≈≈
##.......#♣ ~~≈≈≈≈≈~
##.....##~ ~~~≈~~~~
##...## ~♣~~~~~P~~
##'## #~~~~~~~ ~ #.#
#~♣~~♣~~~~ #######.##
#.~~~h~s~~
.......).####.#~~~~~P♣
.#####.......@#♣PP~~♣♣
#........O# ~P~~♣
##...........P~♣..
##.......##.....#
##......# #####
......### ....####
#####


You could see an ogre.

Vanquished Creatures
  Jessica (D:3)
  Natasha (thrice) (D:3)
  3 adders
  A worm (D:2)
  A dart slug (D:3)
  4 bats
  4 endoplasms
  2 giant cockroaches
  6 goblins
  3 hobgoblins
  7 jackals
  8 kobolds
  A quokka (D:2)
  5 ball pythons
  6 frilled lizards
  5 rats
60 creatures vanquished.

Notes
Turn   | Place    | Note
-------+----------+-------------------------------------------
     0 | D:1      | Cheops the Deep Elf Hedge Wizard began the quest for the
                  | Orb.
     0 | D:1      | Reached XP level 1. HP: 10/10 MP: 7/7
   420 | D:1      | Reached XP level 2. HP: 15/15 MP: 6/9
   457 | D:1      | Reached skill level 5 in Spellcasting
   616 | D:1      | Found a faded altar of an unknown god.
  1069 | D:1      | Learned a level 2 spell: Call Imp
  1071 | D:1      | Learned a level 1 spell: Slow
  1074 | D:1      | Learned a level 2 spell: Blink
  1077 | D:1      | Learned a level 2 spell: Cigotuvi's Dreadful Rot
  1097 | D:2      | Found an ancient bone altar of Kikubaaqudgha.
  1439 | D:2      | Learned a level 1 spell: Shock
  1491 | D:2      | Reached XP level 3. HP: 19/19 MP: 7/11
  1849 | D:2      | Learned a level 3 spell: Mephitic Cloud
  2159 | D:3      | Noticed Jessica
  2170 | D:3      | Killed Jessica
  2171 | D:3      | Reached XP level 4. HP: 24/24 MP: 3/13
  2437 | D:3      | Noticed Natasha
  2442 | D:3      | Killed Natasha
  2475 | D:3      | Noticed Natasha
  2482 | D:3      | Killed Natasha
  2483 | D:3      | Reached skill level 5 in Conjurations
  2483 | D:3      | Reached XP level 5. HP: 28/28 MP: 6/14
  2513 | D:3      | Noticed Natasha
  2517 | D:3      | Killed Natasha
  2518 | D:3      | Reached skill level 1 in Hexes
  2984 | D:3      | Learned a level 2 spell: Ensorcelled Hibernation
  3710 | D:4      | Noticed Sigmund
  3890 | D:4      | Noticed an ogre
  3893 | D:4      | Slain by an ogre

Illustrated notes

Levels and vault maps discovered:
D:1:      wander_arrival_fairy_ring, layout_loops_ring,
          ebering_ecumenical_altar_petrified
D:2:      layout_loops_cross, basic_altar
D:3:      layout_basic, uniq_jessica, uniq_natasha
D:4:      layout_loops_corners, serial_rivers, chequers_serial_rivers_marsh,
          chequers_serial_rivers_large_b, chequers_serial_rivers_small_a,
          chequers_serial_rivers_small_3, chequers_serial_rivers_micro_e,
          serial_bayou_lake_a, uniq_sigmund

Skill      XL: |  1  2  3  4  5 |
---------------+----------------+-----
Spellcasting   | 5 |  5.0
Conjurations   | 2 4 5 |  5.0
Hexes          | 2 |  2.0
Dodging        | |  2.4
Stealth        | |  2.4
Summonings     | |  1.1
Translocations | |  1.1
Air Magic      | |  0.7
Poison Magic   | |  0.8

Action                     |  1- 3 |  4- 6 || total
---------------------------+-------+-------++-------
  Melee: Dagger            |       |     2 ||     2
   Cast: Magic Dart        |    83 |    55 ||   138
         Shock             |     7 |       ||     7
         Mephitic Cloud    |     1 |     2 ||     3
         Ensorcelled Hiber |       |     3 ||     3
    Use: Scroll            |     2 |     3 ||     5
 Armour: Robe              |     8 |     3 ||    11
  Dodge: Dodged            |    18 |    11 ||    29
